 Dungeon Crawl Stone Soup version 0.14-a0-2071-g7172c92 (webtiles) character file.

888 MackTheKnife the Cudgeler (level 7, -7/51 HPs)
             Began as a Demonspawn Death Knight on Jan 23, 2014.
             Was a Priest of Yredelemnul.
             Killed by divine providence
             ... invoked by an orc priest
              (15 damage)
             ... on Level 5 of the Dungeon.
             The game lasted 00:08:19 (3842 turns).

MackTheKnife the Cudgeler (Demonspawn Death Knight) Turns: 3842, Time: 00:08:20

HP  -7/51        AC 12     Str 13      XL: 7   Next: 27%
MP   0/11        EV  5     Int 13      God: Yredelemnul [***...]
Gold 244         SH  0     Dex 14      Spells:  0 memorised,  6 levels left

rFire  . . .     SeeInvis .     h - +1,+4 orc morningstar
rCold  . . .     Clarity  .     l - +0 chain mail
rNeg   . . .     Conserve .     (no shield)
rPois  .         rCorr    .     (helmet restricted)
rElec  .         rRot     .     r - +1 cloak (curse)
SustAb . .       Spirit   +     (no gloves)
rMut   .         Warding  .     (no boots)
Saprov . . .     Stasis   .     (no amulet)
MR     .....                    (no ring)
                                (no ring)

@: slowed, very slow, not resistant to hostile enchantments, extremely
unstealthy
A: horns 1, slimy green scales 1, powered by death 1, magic shield
a: Animate Dead, Recall Undead Slaves, Injury Mirror, Renounce Religion


You were on level 5 of the Dungeon.
You worshipped Yredelemnul.
Yredelemnul was most pleased with you.
You were hungry.

You visited 1 branch of the dungeon, and saw 5 of its levels.

You collected 244 gold pieces.


Innate Abilities, Weirdness & Mutations

You have a pair of small horns on your head.
You are partially covered in slimy green scales (AC +2).
You can steal the life force of nearby defeated enemies.
When hurt, damage is shared between your health and your magic reserves.


   Skills:
 + Level 2.6 Fighting
 + Level 7.1 Maces & Flails
 - Level 1.1 Armour
 - Level 1.1 Dodging
 - Level 3.6 Invocations


You had 6 spell levels left.
You didn't know any spells.

Inventory:

Hand weapons
 h - a +1,+4 orcish morningstar (weapon)
Armour
 l - a +0 chain mail (worn)
 r - a cursed +1 cloak (worn)
Comestibles
 c - a bread ration
 d - an apple
 i - 2 pears
 o - 2 meat rations
Scrolls
 b - a scroll of magic mapping
 e - 2 scrolls of curse jewellery {unknown}
 f - a scroll of identify
Potions
 a - a potion of curing
 n - a potion of restore abilities
Magical staves
 j - an uncursed staff of conjuration

▒·▒ ▒·▒
C···▒▒▒▒▒▒▒ ▒[▒
o····o····▒ ▒·▒
·····▒▒▒▒·▒ ▒·▒ ·
▒o▒ ▒·▒ ▒·▒ ▒·▒
··▒·▒▒▒▒·▒▒▒▒▒▒)▒▒
··········lro@o·[▒
▒▒▒·▒▒▒▒·▒▒▒▒▒▒▒▒▒
········>▒
▒▒▒▒▒▒▒▒·▒ ▒[▒ ▒·▒
▒·▒ ▒·▒ ▒·▒


You could see an orc priest, an orc wizard, a giant newt and a rat.


Message History

You barely miss the orc wizard.
The orc wizard hits you but does no damage.
The orc wizard gestures at you while chanting.
You resist.
The orc priest mumbles some strange prayers to Beogh against you.
Something smites you!
* * * LOW HITPOINT WARNING * * *
You closely miss the orc wizard.
You feel less regenerative.
The orc wizard hits you but does no damage.
The orc priest glows brightly for a moment.
The orc wizard hits you with an orcish dagger.
* * * LOW HITPOINT WARNING * * *
You barely miss the orc wizard.
The orc wizard mumbles some strange words.
The orc wizard blinks!
The orc priest mumbles some strange prayers to Beogh against you.
Pain shoots through your body!
* * * LOW HITPOINT WARNING * * *
You puncture the orc priest!
The orc priest is moderately wounded.
The orc wizard hits you but does no damage.
The orc priest mumbles some strange prayers to Beogh against you.
Something smites you!
* * * LOW HITPOINT WARNING * * *
The orc wizard barely misses you.
The orc priest mumbles some strange prayers to Beogh against you.
Something smites you!
You die...
Your body rises from the dead as a mindless zombie.

Action                   |  1- 3 |  4- 6 |  7- 9 || total
-------------------------+-------+-------+-------++-------
Melee: Mace              |   103 |   166 |    39 ||   308
       Morningstar       |       |       |    30 ||    30
Invok: Animate Remains   |     1 |     3 |       ||     4
       Injury Mirror     |       |     1 |       ||     1
  Use: Potion            |       |     1 |       ||     1
       Scroll            |       |    13 |     6 ||    19

Vault maps used:
D:1:      evilmike_arrival_crescent
D:2:      uniq_jessica
D:3:      uniq_grinder
D:4:      amethyst_overflow_temple_binary, minmay_temple_entry_purple_smoke,
          lookout_dungeons_type, uniq_prince_ribbit1, uniq_sigmund, uniq_edmund,
          uniq_eustachio
D:5:      first_bread, uniq_blork_the_orc

Notes
Turn   | Place    | Note
--------------------------------------------------------------
     0 | D:1      | MackTheKnife, the Demonspawn Death Knight, began the quest for the Orb.
     0 | D:1      | Reached XP level 1. HP: 16/16 MP: 2/2
    26 | D:1      | Reached skill level 2 in Maces & Flails
   174 | D:1      | Gained mutation: You are partially covered in slimy green scales (AC +2). [demonic ancestry]
   174 | D:1      | Reached XP level 2. HP: 5/22 MP: 4/4
   744 | D:1      | Reached skill level 3 in Maces & Flails
   946 | D:2      | Reached XP level 3. HP: 24/27 MP: 5/5
  1481 | D:2      | Acquired Yredelemnul's second power
  1504 | D:2      | Noticed Jessica
  1518 | D:2      | Killed Jessica
  1777 | D:2      | Gained mutation: You have a pair of small horns on your head. [demonic ancestry]
  1777 | D:2      | Reached XP level 4. HP: 33/33 MP: 7/7
  1810 | D:2      | Reached skill level 4 in Maces & Flails
  2206 | D:3      | Noticed Sscchhmueptfter's ghost (weakling FeMo)
  2222 | D:3      | Killed Sscchhmueptfter's ghost
  2421 | D:3      | Gained mutation: You can steal the life force of nearby defeated enemies. [demonic ancestry]
  2421 | D:3      | Reached XP level 5. HP: 35/38 MP: 8/8
  2630 | D:3      | Noticed Grinder
  2642 | D:3      | Killed Grinder
  2642 | D:3      | Reached skill level 6 in Maces & Flails
  2642 | D:3      | Gained mutation: When hurt, damage is shared between your health and your magic reserves. [demonic ancestry]
  2642 | D:3      | Reached XP level 6. HP: 30/44 MP: 10/10
  2740 | D:4      | Noticed Eustachio
  3246 | D:4      | Found a white marble altar of Elyvilon.
  3271 | D:4      | Reached XP level 7. HP: 47/50 MP: 9/11
  3291 | D:4      | Acquired Yredelemnul's third power
  3295 | D:4      | Reached skill level 7 in Maces & Flails
  3311 | D:4      | Found a staircase to the Ecumenical Temple.
  3343 | D:4      | Found a blossoming altar of Fedhas.
  3387 | D:4      | Noticed Sigmund
  3393 | D:4      | Noticed Prince Ribbit
  3396 | D:4      | Noticed Edmund
  3409 | D:5      | Entered Level 5 of the Dungeon
  3450 | D:5      | Reached skill level 1 in Armour
  3490 | D:5      | Reached skill level 1 in Dodging
  3600 | D:5      | Paralysed by a giant eyeball for 3 turns
  3815 | D:5      | Noticed a hill giant
  3842 | D:5      | Killed from afar by an orc priest

Vanquished Creatures
  Grinder (D:3)
  An ogre (D:4)
  The ghost of Sscchhmueptfter the Ducker, a weakling FeMo (D:3)
  2 hounds (D:5)
  2 iguanas (D:4)
  Jessica (D:2)
  6 adders
  A worm (D:3)
  A giant eyeball (D:5)
  2 giant geckos
  7 orcs
  A ball python (D:3)
  A bat skeleton (D:4)
  9 goblins
  6 hobgoblins
  An ooze (D:2)
  2 quokkas
  17 bats
  2 giant cockroaches (D:1)
  5 giant newts
  A hobgoblin skeleton (D:5)
  12 jackals
  13 kobolds
  13 rats
  A rat skeleton (D:4)
109 creatures vanquished.

Vanquished Creatures (others)
  A giant newt zombie (D:4)
  2 goblin zombies
3 creatures vanquished.

Grand Total: 112 creatures vanquished
